 Dungeon Crawl Stone Soup version 0.21.1-1-g345015f (webtiles) character file.

1393 feelmyfire the Martial Artist (level 8, -3/69 HPs)
             Began as a Demigod Transmuter on Apr 18, 2018.
             Killed from afar by Mirai's ghost (9 damage)
             ... with a magic dart
             ... on level 5 of the Dungeon.
             The game lasted 00:13:15 (8132 turns).

feelmyfire the Martial Artist (Demigod Transmuter)  Turns: 8132, Time: 00:13:16

Health: -3/69      AC:  6    Str: 18    XL:     8   Next: 18%
Magic:  8/13       EV: 12    Int: 17    God:
Gold:   291        SH:  0    Dex: 20    Spells: 7/10 levels left

rFire    + . .     SeeInvis .     - Unarmed
rCold    . . .     Gourm    .   (no shield)
rNeg     . . .     Faith    .   r - +2 leather armour {MR+}
rPois    +         Spirit   .   (no helmet)
rElec    .         Reflect  .   (no cloak)
rCorr    +         Harm     .   n - +0 pair of gloves
MR       +....                  (no boots)
Stlth    ++........             (no amulet)
HPRegen  0.21/turn              u - ring of poison resistance
MPRegen  0.13/turn              q - ring of resist corrosion

@: mighty, appendage (expiring), very slightly contaminated, invisible
A: horns 2, fire resistance 1, high mp 1, evolution 1
a: End Transformation


You were on level 5 of the Dungeon.
You were very hungry.
You had grown temporary horns.
You visited 1 branch of the dungeon, and saw 5 of its levels.

You collected 291 gold pieces.

Inventory:

Missiles
 a - 49 arrows
Armour
 b - a +0 robe
 n - a +0 pair of gloves (worn)
 r - a +2 leather armour of magic resistance (worn)
Jewellery
 q - a ring of resist corrosion (right hand)
 u - a ring of poison resistance (left hand)
Wands
 e - a wand of acid (13)
Scrolls
 f - 5 scrolls of teleportation {unknown}
 h - 2 scrolls of magic mapping {unknown}
 i - a scroll of remove curse {unknown}
 j - a scroll of random uselessness {unknown}
 k - 4 scrolls of blinking {unknown}
 l - 4 scrolls of identify {unknown}
 m - 2 scrolls of enchant armour {unknown}
 o - a scroll of fear {unknown}
 p - 3 scrolls of immolation {unknown}
Potions
 g - a potion of might
 s - a potion of flight
Books
 c - a book of Changes

   Spells                             Type                      Level
   a - Beastly Appendage              Transmutation                1
   b - Sticks to Snakes               Transmutation                2
   c - Spider Form                    Transmutation/Poison         3
   d - Ice Form                       Ice/Transmutation            4
   e - Blade Hands                    Transmutation                5
Comestibles
 d - 7 rations


   Skills:
 + Level 5.4 Fighting
 - Level 1.7 Dodging
 * Level 8.3 Unarmed Combat
 - Level 1.7 Spellcasting
 - Level 1.7 Transmutations


You had 7 spell levels left.
You knew the following spells:

 Your Spells              Type           Power        Failure   Level  Hunger
a - Beastly Appendage     Tmut           #.....       12%         1    #......
b - Sticks to Snakes      Tmut           #.......     17%         2    ###....


Dungeon Overview and Level Annotations

Branches:
Dungeon (5/15)
 Temple: D:4-7

Shops:
D:4 }

Annotations:
D:5 Mirai's ghost, novice DECj


Innate Abilities, Weirdness & Mutations

You have an increased reservoir of magic. (+10% MP)
You have a pair of horns on your head.
Your flesh is heat resistant. (rF+)
You evolve.


Message History

Your ball python barely misses Mirai's ghost.
Your ball python bites Mirai's ghost.
You are very lightly contaminated with residual magic.
It was a potion of mutation.
You feel extremely strange.
You feel resistant to heat.
You feel nature experimenting on you.
Don't worry, failures die fast.
Mirai's ghost casts a spell at your ball python.
The orb of energy hits your ball python.
Your ball python dies!
Your ball python completely misses Mirai's ghost.
You feel very mighty all of a sudden.
Your ball python bites Mirai's ghost.
Mirai's ghost hits your ball python. Mirai's ghost burns your ball python.
Your ball python dies!
Mirai's ghost turns its malevolent gaze towards you.
You miss Mirai's ghost.
Mirai's ghost is severely damaged.
Mirai's ghost points at you and mumbles some strange words.
The magic dart hits you!
You die...

################# ####
#...............##########...
#.#############............##
#.# ###########.#####..#. #.#
#..................#. #.#
#.#########..#.....#. #.#
#.#..<...W.........#.
#.#######.#W######.....#.....
#.......#...@.........(......
###...#..##.....#.#......#...
#...#..#.............W.####
#...#..#......#.#.#........
#...#..#.####.#.#.#######.#
#...#..#.# #.#.#..........
#...#..######.#+#########.#
#####......................
######.###(.................


You could see Mirai's ghost.

Vanquished Creatures
  Pikel (D:4)
  The ghost of salinator123 the Skirmisher, an amateur MiBe of Trog (D:4)
  A phantom (D:4)
  A black bear (D:4)
  A sky beast (D:5)
  An ogre (D:4)
  A howler monkey (D:4)
  2 orc priests
  2 orc wizards (D:3)
  A bullfrog skeleton (D:5)
  2 worker ants (D:4)
  A hound skeleton (D:5)
  7 gnolls
  A howler monkey skeleton (D:4)
  7 adders
  An ooze (D:1)
  2 worms (D:2)
  3 dart slugs
  2 leopard geckos (D:2)
  20 orcs
  8 bats
  5 giant cockroaches
  7 goblins
  6 hobgoblins
  9 jackals
  11 kobolds
  2 ball pythons
  6 frilled lizards
  7 rats
119 creatures vanquished.

Vanquished Creatures (collateral kills)
  The ghost of glosham the Ruffian, a weakling DDTm (D:3)
1 creature vanquished.

Vanquished Creatures (others)
  2 slaves (D:4)
  A worker ant (D:4)
  3 jackals (D:4)
6 creatures vanquished.

Grand Total: 126 creatures vanquished

Notes
Turn   | Place    | Note
-------+----------+-------------------------------------------
     0 | D:1      | feelmyfire the Demigod Transmuter began the quest for the Orb.
     0 | D:1      | Reached XP level 1. HP: 15/15 MP: 5/5
    37 | D:1      | Reached skill level 1 in Fighting
   243 | D:1      | Reached skill level 3 in Unarmed Combat
   509 | D:1      | Reached XP level 2. HP: 23/23 MP: 5/7
   931 | D:1      | Reached XP level 3. HP: 26/29 MP: 8/8
  1667 | D:2      | Found a shattered altar of Ashenzari.
  2002 | D:2      | Found a glowing golden altar of the Shining One.
  2320 | D:2      | Reached skill level 4 in Unarmed Combat
  2497 | D:2      | Reached XP level 4. HP: 28/36 MP: 9/9
  2740 | D:2      | Found a bloodstained altar of Trog.
  3688 | D:3      | Noticed glosham's ghost (weakling DDTm)
  3695 | D:2      | Learned a level 2 spell: Sticks to Snakes
  3767 | D:3      | Killed glosham's ghost
  3767 | D:3      | Reached XP level 5. HP: 34/42 MP: 4/10
  4368 | D:2      | Reached skill level 5 in Unarmed Combat
  4704 | D:3      | Found an ornate altar of the Wu Jian Council.
  5494 | D:3      | Found a glowing silver altar of Zin.
  5611 | D:3      | Reached XP level 6. HP: 45/51 MP: 11/11
  5669 | D:3      | Found a snail-covered altar of Cheibriados.
  5858 | D:4      | Noticed Pikel
  5879 | D:4      | Killed Pikel
  5879 | D:4      | Reached skill level 6 in Unarmed Combat
  5879 | D:4      | Reached XP level 7. HP: 15/59 MP: 7/12
  6478 | D:4      | Reached skill level 7 in Unarmed Combat
  6692 | D:4      | Noticed salinator123's ghost (amateur MiBe)
  6906 | D:4      | Killed salinator123's ghost
  6906 | D:4      | Reached skill level 5 in Fighting
  6954 | D:4      | Found Nafen's Gadget Emporium.
  7054 | D:4      | Reached skill level 8 in Unarmed Combat
  7054 | D:4      | Reached XP level 8. HP: 40/68 MP: 13/13
  7249 | D:5      | Entered Level 5 of the Dungeon
  7591 | D:5      | Found a deep blue altar of Sif Muna.
  7620 | D:5      | Found a stormy altar of Qazlal.
  7631 | D:5      | Found a glowing golden altar of the Shining One.
  7693 | D:5      | Found an opulent altar of Gozag.
  7830 | D:5      | Noticed Mirai's ghost (novice DECj)
  8130 | D:5      | Gained mutation: Your flesh is heat resistant. (rF+) [potion of mutation]
  8130 | D:5      | Gained mutation: You evolve. [potion of mutation]
  8132 | D:5      | Killed from afar by Mirai's ghost

Skill      XL: |  1  2  3  4  5  6  7 |
---------------+----------------------+-----
Fighting       | 1 2 3 4 5 |  5.4
Unarmed Combat | 3 4 5 6 8 |  8.3
Dodging        | |  1.7
Spellcasting   | |  1.7
Transmutations | |  1.7

Action                   |  1- 3 |  4- 6 |  7- 9 || total
-------------------------+-------+-------+-------++-------
Melee: Unarmed           |   134 |   207 |   156 ||   497
       Headbutt          |     9 |    11 |    18 ||    38
       Kick              |     8 |    30 |    23 ||    61
       Punch             |     1 |     6 |     2 ||     9
 Cast: Beastly Appendage |    19 |    25 |    23 ||    67
       Sticks to Snakes  |       |     5 |    12 ||    17
  Use: Potion            |       |     3 |     3 ||     6
 Stab: Sleeping          |     3 |     1 |       ||     4
       Distracted        |       |     1 |     2 ||     3
  Eat: Chunk             |     3 |     3 |     5 ||    11
       Ration            |     1 |     2 |     1 ||     4
Armor: Robe              |    23 |       |       ||    23
       Leather armour    |    14 |    49 |    46 ||   109
Dodge: Dodged            |    78 |   136 |    68 ||   282
